 Dungeon Crawl Stone Soup version 0.30.1-9-gdf580d7c3d (webtiles) character file.

Game seed: 3967606914048331179

1732 lonewolfV2 the Nimble (level 8, -1/58 HPs)
             Began as a Demonspawn Fighter on Oct 26, 2023.
             Was an Initiate of Gozag.
             Slain by an ice beast (4 damage)
             ... on level 6 of the Dungeon.
             The game lasted 00:11:21 (6867 turns).

lonewolfV2 the Nimble (Demonspawn Fighter)          Turns: 6867, Time: 00:11:22

Health: -1/58      AC: 18    Str: 19    XL:     8   Next: 76%
Magic:  8/8        EV:  8    Int: 10    God:    Gozag
Gold:   911        SH:  4    Dex: 12    Spells: 7/7 levels left

rFire   . . .        a - +1 war axe (freeze)
rCold   . . .        c - +0 buckler
rNeg    . . .        m - +1 plate armour
rPois   .            (no helmet)
rElec   .            r - +0 cloak
rCorr   .            (no gloves)
SInv    .            (no boots)
Will    +....        (no amulet) Stlth
                     p - ring of willpower
HPRegen 0.29/turn    (no ring)
MPRegen 0.11/turn

%: no passive effects
@: mighty
A: icy blue scales 2, powered by pain 1, demonic touch 2
a: Renounce Religion, Potion Petition, Call Merchant, Bribe Branch


You were on level 6 of the Dungeon.
You worshipped Gozag.
Gozag was pleased with you.
You visited 1 branch of the dungeon, and saw 8 of its levels.
You also visited: Sewer and Ossuary.

You collected 911 gold pieces.

Inventory:

Hand Weapons
 a - a +1 war axe of freezing (weapon)
Armour
 c - a +0 buckler (worn)
 m - a +1 plate armour (worn)
 r - a +0 cloak (worn)
Jewellery
 e - a ring of ice
 p - a ring of willpower (left hand)
Scrolls
 b - a scroll of teleportation
 f - a scroll of blinking {unknown}
 g - 2 scrolls of enchant weapon
 h - a scroll of noise {unknown}
 i - 2 scrolls of identify
 k - 5 scrolls of magic mapping
 l - 2 scrolls of silence {unknown}
 n - a scroll of fog
 v - a scroll of amnesia
Potions
 d - 2 potions of might
 j - a potion of ambrosia
 o - 3 potions of lignification
 q - 2 potions of magic
 s - 2 potions of flight
 t - 3 potions of haste
 u - a potion of mutation {unknown}
 x - a potion of brilliance {unknown}


   Skills:
 - Level 3.0 Fighting
 - Level 1.8 Axes
 * Level 7.0 Armour
 + Level 8.0 Dodging
 - Level 2.7 Shields


You had 7 spell levels left.
You didn't know any spells.
Your spell library contained the following spells:

 Spells                   Type           Power      Damage    Failure   Level
 Necrotise                Necr           0%         1d4       100%        1
 Ozocubu's Armour         Ice            0%         N/A       100%        3
 Vampiric Draining        Necr           0%         2d6       100%        3
 Agony                    Necr           0%         N/A       100%        5
 Ozocubu's Refrigeration  Ice            0%         4d7       100%        7


Dungeon Overview and Level Annotations

Branches:
Dungeon (8/15)              Sewer (visited)         Ossuary (visited)
 Temple: D:4-7         Lair: D:8-11

Altars:
Cheibriados
Gozag
Wu Jian

Shops:
D:3 (

Annotations:
D:6 Edmund


Innate Abilities, Weirdness & Mutations

You are mostly covered in icy blue scales. (AC +3)
You sometimes gain a little power by taking damage.
Your touch may inflict irresistible damage on your foes.


Message History

The ice beast completely misses you.
Edmund hits you with a +3 dire flail of protection!
The ice beast hits you but does no damage.
You barely miss Edmund.
Edmund is severely wounded.
You hit the ice beast. Edmund barely misses you.
The ice beast is distracted by your dazzling golden aura.
You barely miss Edmund.
Edmund is severely wounded.
You hit the ice beast but do no damage.
The ice beast is no longer distracted by gold.
Edmund drinks a potion.
Edmund is healed!
The ice beast hits you but does no damage.
Edmund says, "You wouldn't believe how much I paid for this flail."
Edmund hits you with a +3 dire flail of protection.
* * * LOW HITPOINT WARNING * * *
The ice beast hits you but does no damage.
You hit Edmund but do no damage.
Edmund is moderately wounded.
You hit the ice beast but do no damage.
Edmund hits you with a +3 dire flail of protection.
* * * LOW HITPOINT WARNING * * *
The ice beast hits you.
* * * LOW HITPOINT WARNING * * *
The ice beast freezes you.
* * * LOW HITPOINT WARNING * * *
You feel better.
Edmund hits you with a +3 dire flail of protection.
* * * LOW HITPOINT WARNING * * *
You block the ice beast's attack.
You feel very mighty all of a sudden.
Edmund hits you with a +3 dire flail of protection.
* * * LOW HITPOINT WARNING * * *
The ice beast hits you but does no damage.
You closely miss the ice beast.
The ice beast is moderately wounded.
You slash Edmund! You freeze Edmund. Edmund barely misses you.
The ice beast hits you.
You die...
Your body crumbles into a pile of gold.

#....# #.##.# .......
#.##.# ....... #.##.# #
....... #.##.# #.####
....... .....# ....
.......
#.#########.#..##.......##
#.......#........$...<....
#######.# ###.@@......#
#.# #...$Y......
#.#####.#.......##
#.#.....#.......#
#......##.......#
#......'........#
#......###......#
#......##.$.....#
#......##.......#


You could see Edmund and an ice beast.

Vanquished Creatures
  Menkaure (D:5)
  A sky beast (D:7)
  An ice beast (D:6)
  A phantom (D:4)
  5 kobold brigands (Sewer)
  A scorpion (D:5)
  A gnoll sergeant (D:5)
  A howler monkey (D:4)
  A human zombie (Ossuary)
  A hound (D:4)
  2 sleepcaps
  A gnoll bouda (D:5)
  An orc priest (D:5)
  2 jellies (D:2)
  4 iguanas
  5 mummies
  3 hound zombies (Ossuary)
  Robin (D:2)
  15 gnolls
  10 adders
  3 river rats (Sewer)
  A white imp (D:6)
  2 adder zombies (Ossuary)
  7 worms
  3 dart slugs
  8 orcs
  7 ball pythons
  21 endoplasms
  4 giant cockroaches
  A gnoll zombie (Ossuary)
  6 goblins
  9 hobgoblins
  3 jackals (D:3)
  22 kobolds
  7 quokkas
  A bat (D:2)
  2 frilled lizards
  A goblin zombie (D:4)
  2 hobgoblin zombies
  2 jackal zombies (Ossuary)
  A kobold zombie (Ossuary)
  11 rats
  A rat zombie (Ossuary)
183 creatures vanquished.

Notes
Turn   | Place    | Note
-------+----------+-------------------------------------------
     0 | D:1      | lonewolfV2 the Demonspawn Fighter began the quest for the
                  | Orb.
     0 | D:1      | Reached XP level 1. HP: 18/18 MP: 1/1
   247 | D:1      | Reached skill level 1 in Dodging
   247 | D:1      | Gained mutation: You are partially covered in icy blue
                  | scales. (AC +2) [demonic ancestry]
   247 | D:1      | Reached XP level 2. HP: 18/24 MP: 2/2
   555 | D:1      | Gained mutation: You are mostly covered in icy blue scales.
                  | (AC +3) [demonic ancestry]
   555 | D:1      | Reached XP level 3. HP: 29/29 MP: 3/3
   762 | D:2      | Reached skill level 2 in Dodging
   898 | D:2      | Reached XP level 4. HP: 35/35 MP: 4/4
  1115 | D:2      | Noticed Robin
  1137 | D:2      | Killed Robin
  1138 | D:2      | Reached skill level 3 in Dodging
  1306 | D:2      | Gained mutation: Your touch may inflict minor irresistible
                  | damage on your foes. [demonic ancestry]
  1306 | D:2      | Reached XP level 5. HP: 39/41 MP: 5/5
  2034 | D:3      | Found a glowing drain.
  2051 | Sewer    | Entered a sewer
  2113 | Sewer    | Reached skill level 4 in Dodging
  2113 | Sewer    | Gained mutation: You sometimes gain a little power by
                  | taking damage. [demonic ancestry]
  2113 | Sewer    | Reached XP level 6. HP: 21/47 MP: 6/6
  2628 | Sewer    | Reached skill level 5 in Dodging
  2811 | Sewer    | Gained mutation: Your touch may inflict irresistible damage
                  | on your foes. [demonic ancestry]
  2811 | Sewer    | Reached XP level 7. HP: 16/52 MP: 7/7
  3582 | D:3      | Found Huesuew's Weapon Shop.
  3763 | D:3      | Found a faded altar of an unknown god.
  3768 | D:3      | Found a snail-covered altar of Cheibriados.
  3779 | D:3      | Prayed at the altar of an unknown god.
  3779 | D:3      | Became a worshipper of Gozag Ym Sagoz the Greedy
  4146 | D:4      | Found a sand-covered staircase.
  4156 | D:4      | Reached skill level 5 in Armour
  4160 | Ossuary  | Entered an ossuary
  4179 | Ossuary  | Reached skill level 6 in Dodging
  4834 | D:4      | Reached XP level 8. HP: 49/58 MP: 8/8
  5615 | D:5      | Entered Level 5 of the Dungeon
  5701 | D:5      | Reached skill level 7 in Dodging
  5854 | D:5      | Noticed Menkaure
  5885 | D:5      | Killed Menkaure
  6664 | D:5      | Found an ornate altar of the Wu Jian Council.
  6666 | D:5      | You fall into a shaft and drop 3 floors!
  6844 | D:6      | Noticed Edmund
  6858 | D:6      | Reached skill level 8 in Dodging
  6867 | D:6      | Slain by an ice beast

Illustrated notes

Levels and vault maps discovered:
D:1:      zelgadis_glass_arrival_small, layout_basic, hangedman_glass_teeth,
          minmay_heptomino_d4
D:2:      cheibrodos_fertilizer, layout_loops_ring, basic_altar, uniq_robin
D:3:      layout_basic, nicolae_overflow_ecumenical_swirl, serial_shops, shop,
          portal_sewer_entry_a
D:4:      layout_loops_ring, nicolae_ossuary_entry_giza
D:5:      layout_loops_corners, nicolae_wu_jian_glorious_leap, nrook_campfire,
          uniq_menkaure
D:6:      layout_basic, uniq_crazy_yiuf_cottage, uniq_eustachio, uniq_edmund
D:7:      minmay_the_grid_plus_closed [minmay_the_grid_dragon_b,
          minmay_the_grid_slots, minmay_the_grid_minigrid_small,
          minmay_the_grid_spikes, minmay_the_grid_prize_four_corners_diamond_a],
          layout_cave_pools, tgw_trog, uniq_pikel
D:8:      layout_basic, evilmike_ruin_ashenzari, serial_rivers,
          chequers_serial_rivers_room_a, chequers_serial_rivers_micro_d,
          chequers_serial_rivers_small_3, chequers_serial_rivers_room_b,
          chequers_serial_rivers_small_3, chequers_serial_rivers_micro_e,
          uniq_grum

Skill      XL: |  1  2  3  4  5  6  7  8 |
---------------+-------------------------+-----
Dodging        | 1 2 3 4 5 6 8 |  8.0
Armour         | 3 4 5 7 |  7.0
Fighting       | |  3.0
Axes           | |  1.8
Shields        | |  2.7

Action                     |  1- 3 |  4- 6 |  7- 9 || total
---------------------------+-------+-------+-------++-------
  Melee: War axe           |    74 |   246 |   319 ||   639
    Use: Scroll            |       |     9 |     7 ||    16
         Potion            |       |     5 |    10 ||    15
   Stab: Distracted        |       |       |     1 ||     1
 Armour: Scale mail        |    42 |       |       ||    42
         Plate armour      |    11 |   184 |   291 ||   486
  Dodge: Dodged            |    32 |    59 |   138 ||   229
  Block: Buckler           |    20 |    61 |    82 ||   163
